 Dungeon Crawl Stone Soup version 0.22-a0-479-gc6e99f3 (webtiles) character file.

58933 epen the Grappler (level 14, 0/115 HPs)
             Began as a Demonspawn Chaos Knight on June 14, 2018.
             Killed from afar by Azrael (29 damage)
             ... with damnation
             ... on level 13 of the Dungeon on June 15, 2018.
             The game lasted 00:50:25 (22995 turns).

epen the Grappler (Demonspawn Chaos Knight)        Turns: 22995, Time: 00:50:26

Health: 0/115      AC: 13    Str: 19    XL:     14   Next: 51%
Magic:  16/16      EV: 22    Int: 15    God:    Xom [.*....]
Gold:   1324       SH:  6    Dex: 22    Spells: 13/13 levels left

rFire    + . .     SeeInvis .     - Unarmed
rCold    + . .     Gourm    .   (no shield)
rNeg     . . .     Faith    +   M - +4 troll leather armour
rPois    +         Spirit   .   U - +1 hat
rElec    +         Reflect  .   D - +1 cloak
rCorr    .         Harm     .   (gloves unavailable)
MR       +++..     Clarity  +   (no boots)
Stlth    +.........             Q - amulet of faith
HPRegen  0.69/turn              y - +3 ring of strength
MPRegen  0.15/turn              K - +3 ring of dexterity

@: no status effects
A: claws 3, hooves 1, horns 2, large bone plates 2, agile 2, clarity, clever 1,
cold resistance 1, demonic guardian 1, fire resistance 1, high mp 2, magic
resistance 2, mutation resistance 1, sense surroundings 1, poison resistance,
electricity resistance, spiny 2, MP-powered wands
a: Renounce Religion


You were on level 13 of the Dungeon.
You worshipped Xom.
You were a plaything of Xom.
You were not hungry.

You visited 2 branches of the dungeon, and saw 20 of its levels.

You collected 1656 gold pieces.
You spent 332 gold pieces at shops.

Inventory:

Hand Weapons
 a - a +0 falchion of chaos
 q - a +3 dagger of electrocution
Missiles
 o - 4 throwing nets (quivered)
Armour
 b - a +2 leather armour
 i - the +3 chain mail of Iffoem {*Corrode +Fly Int-4 Dex+8}
   (You bought it in a shop on level 12 of the Dungeon)

   It affects your intelligence (-4).
   It affects your dexterity (+8).
   It lets you fly.
   It may corrode you when you take damage.
 k - a +1 cloak
 D - a +1 cloak (worn)
 G - a +0 ring mail
 M - a +4 troll leather armour (worn)
 U - a +1 hat (worn)
Jewellery
 t - an uncursed ring of magical power
 y - a +3 ring of strength (left claw)
 H - an uncursed amulet of harm
 K - a +3 ring of dexterity (right claw)
 L - an uncursed ring of ice
 Q - an amulet of faith (around neck)
 R - an uncursed ring of resist corrosion {unknown}
 S - a cursed ring of stealth
Wands
 c - a wand of paralysis (20)
 u - a wand of enslavement (10)
 v - a wand of clouds (9)
 w - a wand of acid (11)
 C - a wand of scattershot (4)
 I - a wand of flame (39)
 J - a wand of polymorph (15)
Scrolls
 e - 8 scrolls of enchant armour
 h - 7 scrolls of teleportation
 m - 11 scrolls of remove curse
 n - 5 scrolls of magic mapping
 A - 8 scrolls of identify
 E - 2 scrolls of fog
 F - 3 scrolls of amnesia
 N - a scroll of enchant weapon
 P - a scroll of fear
 T - a scroll of blinking
Potions
 d - 3 potions of cancellation
 f - 2 potions of resistance
 g - 4 potions of invisibility
 j - 4 potions of brilliance
 l - 4 potions of lignification
 p - 6 potions of curing
 r - 3 potions of mutation
 x - 3 potions of might
 z - 3 potions of haste
 B - 2 potions of heal wounds
 O - a potion of agility
Comestibles
 s - 30 rations


   Skills:
 + Level 12.0 Fighting
 - Level 2.9(5.2) Short Blades
 - Level 6.7(7.0) Long Blades
 + Level 10.9 Armour
 + Level 10.8 Dodging
 * Level 13.1 Unarmed Combat


You had 13 spell levels left.
You didn't know any spells.
Your spell library contained the following spells:

 Spells                   Type           Power        Failure   Level  Hunger
 Magic Dart               Conj           #...         30%         1    ##.....
 Fireball                 Conj/Fire      #.........   100%        5    ######.
 Conjure Flame            Conj/Fire      #.......     67%         3    ####...
 Lightning Bolt           Conj/Air       #.........   100%        5    ######.
 Slow                     Hex            #.......     43%         2    ###....
 Confuse                  Hex            #.......     67%         3    ####...
 Throw Flame              Conj/Fire      #.....       43%         2    ###....
 Mephitic Cloud           Conj/Pois/Air  #.......     67%         3    ####...
 Blink                    Tloc           N/A          43%         2    ###....
 Animate Dead             Necr           N/A          97%         4    #####..
 Pain                     Necr           #...         30%         1    ##.....
 Animate Skeleton         Necr           N/A          30%         1    ##.....
 Vampiric Draining        Necr           #.........   67%         3    ####...
 Sticky Flame             Conj/Fire      #.......     97%         4    #####..
 Call Imp                 Summ           #.......     43%         2    ###....
 Regeneration             Chrm/Necr      #.........   67%         3    ####...
 Summon Demon             Summ           #.........   100%        5    ######.
 Shock                    Conj/Air       #...         30%         1    ##.....
 Swiftness                Chrm/Air       #.......     43%         2    ###....
 Recall                   Summ/Tloc      N/A          67%         3    ####...
 Airstrike                Air            #.........   97%         4    #####..
 Shadow Creatures         Summ           N/A          100%        6    #######
 Confusing Touch          Hex            #.....       30%         1    ##.....
 Flame Tongue             Conj/Fire      #....        30%         1    ##.....
 Metabolic Englaciation   Hex/Ice        #.........   100%        5    ######.
 Static Discharge         Conj/Air       #.......     67%         3    ####...
 Petrify                  Tmut/Erth      #.......     97%         4    #####..
 Inner Flame              Hex/Fire       #.......     67%         3    ####...
 Aura of Abjuration       Summ           #.........   100%        5    ######.
 Summon Forest            Summ/Tloc      #.........   100%        5    ######.
 Summon Mana Viper        Hex/Summ       #.......     100%        5    ######.
 Gell's Gravitas          Tloc           #.........   67%         3    ####...
 Yara's Violent Unravell  Hex/Tmut       #.........   100%        5    ######.


Dungeon Overview and Level Annotations

Branches:
Dungeon (14/15)            Temple (0/1) D:5            Lair (6/6) D:9
  Swamp (0/4) Lair:3       Spider (0/4) Lair:4        Slime (0/5) Lair:6
    Orc (0/2) D:11         Vaults (0/5) D:14

Altars:
Dithmenos
Elyvilon
Gozag
Kikubaaqudgha
Trog
Xom
Beogh

Shops:
D:7 :   D:12 [

Annotations:
D:13 Azrael, Rupert


Innate Abilities, Weirdness & Mutations

You have claws for hands.
You are mostly covered in large bone plates. (SH +6)
A weak demonic guardian rushes to your aid.
You are mostly covered in sharp spines.
You have large cloven feet.
You have a pair of horns on your head.
You are very agile. (Dex +4)
You possess an exceptional clarity of mind.
Your mind is acute. (Int +2)
Your flesh is cold resistant. (rC+)
Your flesh is heat resistant. (rF+)
You have a considerably increased reservoir of magic. (+20% MP)
You are highly resistant to hostile enchantments. (MR++)
You are somewhat resistant to further mutation.
You passively map a small area around you.
Your system is resistant to poisons. (rPois)
You are resistant to electric shocks. (rElec)
You expend magic power (3 MP) to strengthen your wands.


Message History

You kill the manticore!
You mangle the centaur warrior!!
You kill the centaur warrior!
Your Fighting skill increases to level 12!
You claw the crimson imp! Your kick misses the crimson imp.
You kill the crimson imp!
You start resting.
Azrael the Boundless Flame comes into view.
He is wielding a scimitar of flaming.
Azrael is nearby!
Azrael is nearby!
Azrael gestures at you.
The sphere of damnation explodes!
The damnation engulfs you!
* * * LOW HITPOINT WARNING * * *
You hear a bark!
You hear a bellow!
Things that are here:
an uncursed shortbow; 10 arrows; a centaur corpse Azrael gestures at you.
The sphere of damnation explodes!
The damnation engulfs you!
You die...
Xom titters!

.......# , .. , , ,
......####'#### , , *
#............#, ,
,#............#
#............####### , *
*,
,#..................., *
#.....((........R... , ,
#......[(.5.........
,#......).(()@.......
#####..>................
*
........###'#####.......
........#.....,, ......:
........#....... ....)..
,
........#.......#.......
).......#..../..+.......
.......... ...###.......
########### * ,


You could see Azrael and a friendly ufetubus.

Vanquished Creatures
  Harold (Lair:3)
  4 two-headed ogres
  8 centaur warriors
  A hydra (Lair:4)
  A merfolk avatar (Lair:6)
  Erica (Lair:2)
  Urug (D:14)
  2 sea snakes
  3 unseen horrors
  An orc knight (D:14)
  Pikel (D:8)
  A deep elf mage (D:14)
  A wolf spider zombie (D:13)
  2 manticores
  5 elephants (Lair:6)
  2 centaur zombies
  3 black mambas
  Maurice (D:8)
  Joseph (D:8)
  2 gargoyles
  10 spiny frogs
  3 rime drakes
  A kobold demonologist (D:11)
  A yaktaur (D:14)
  2 komodo dragons
  A demonic crawler (Lair:4)
  3 trolls
  A wind drake (Lair:6)
  5 hornets (Lair:6)
  6 polar bears
  9 slime creatures
  8 hippogriffs
  22 blink frogs
  4 water elementals
  A spriggan (Lair:1)
  23 yaks
  A basilisk (Lair:4)
  5 wyverns
  A human (D:8)
  A steam dragon (D:8)
  2 vampires
  3 wraiths
  Grum (D:8)
  3 hogs (D:8)
  2 hungry ghosts
  Menkaure (D:7)
  An acid dragon (D:13)
  11 water moccasins
  5 porcupines
  A hornet zombie (D:13)
  2 slaves (D:8)
  An ice beast (D:12)
  7 orc warriors
  7 black bears
  3 sky beasts
  7 ogres
  2 phantoms
  A boggart (D:14)
  3 necrophages
  12 wolves
  16 centaurs
  9 crocodiles
  5 big kobolds
  18 bullfrogs
  An elf zombie (D:14)
  A wyvern zombie (D:7)
  A water moccasin zombie (D:11)
  8 scorpions
  A wyvern skeleton (D:12)
  11 killer bees
  4 electric eels (D:11)
  A howler monkey (D:12)
  7 crimson imps
  4 bullfrog zombies
  A quasit (D:8)
  12 hounds
  5 jellies
  3 bullfrog skeletons
  13 orc priests
  5 human zombies (D:14)
  10 centaur skeletons
  7 iguanas
  Natasha (D:3)
  14 orc wizards
  14 worker ants
  2 mummies (D:14)
  A worker ant zombie (D:11)
  10 gnolls
  8 adders
  3 shadow imps
  2 oozes
  An adder skeleton (D:5)
  5 worms
  A dart slug (D:1)
  9 leopard geckos
  101 orcs
  7 bats
  6 giant cockroaches
  A goblin (D:1)
  6 hobgoblins
  9 jackals
  24 kobolds
  4 quokkas
  A ball python (D:4)
  3 frilled lizards
  A leopard gecko skeleton (D:8)
  An orc zombie (D:14)
  A quokka zombie (D:8)
  4 rats
  A butterfly (D:5)
  2 fungi (D:9)
  A plant (D:9)
612 creatures vanquished.

Vanquished Creatures (collateral kills)
  A hydra (Lair:6)
  2 two-headed ogres
  An ogre mage (D:14)
  A sea snake (Lair:6)
  A harpy (Lair:6)
  A wyvern (Lair:6)
  A yak (D:14)
  A hog (D:8)
  An orc warrior (D:14)
  A slave (D:8)
  A hornet zombie (D:14)
  2 ogres
  2 centaurs (D:14)
  A big kobold (D:14)
  A bullfrog (D:9)
  A hound (D:12)
  2 orc priests
  An orc wizard (D:6)
  2 worker ants
  An adder (D:8)
  2 orcs
  A jackal (D:6)
  2 kobolds (D:14)
  A quokka (D:6)
  A fungus (D:9)
32 creatures vanquished.

Vanquished Creatures (others)
  A dancing weapon (D:14)
  A slave (D:8)
  2 orcs (D:11)
  A fire vortex (D:11)
  11 fungi
  4 plants
20 creatures vanquished.

Grand Total: 664 creatures vanquished

Notes
Turn   | Place    | Note
-------+----------+-------------------------------------------
     0 | D:1      | epen the Demonspawn Chaos Knight began the quest for the Orb.
     0 | D:1      | Reached XP level 1. HP: 18/18 MP: 1/1
   103 | D:1      | Reached skill level 1 in Dodging
   179 | D:1      | Gained mutation: You are partially covered in large bone plates. (SH +4) [demonic ancestry]
   179 | D:1      | Reached XP level 2. HP: 24/24 MP: 2/2
   928 | D:2      | XOM: potion effect (curing)
   931 | D:2      | XOM: divination: detect items
   933 | D:2      | XOM: potion effect (agility)
   936 | D:2      | Reached XP level 3. HP: 14/29 MP: 3/3
  1065 | D:1      | XOM: cloud trail
  1103 | D:1      | XOM: scenery: 1 doors close
  1434 | D:2      | XOM: give mutations
  1434 | D:2      | Gained mutation: Your system is resistant to poisons. (rPois) [Xom's grace]
  1434 | D:2      | Gained mutation: You possess an exceptional clarity of mind. [Xom's grace]
  1434 | D:2      | Gained mutation: You have an increased reservoir of magic. (+10% MP) [Xom's grace]
  1546 | D:2      | XOM: cloud trail
  1792 | D:1      | XOM: 7-stop teleportation journey
  2053 | D:2      | XOM: butterfly on damage
  2055 | D:2      | Gained mutation: You are partially covered in sharp spines. [demonic ancestry]
  2055 | D:2      | Reached XP level 4. HP: 22/35 MP: 4/4
  2216 | D:3      | XOM: stealth player
  2229 | D:3      | Found a faded altar of an unknown god.
  2240 | D:3      | XOM: cloud trail
  2680 | D:3      | Noticed Natasha
  2689 | D:3      | XOM: give mutation
  2689 | D:3      | Gained mutation: You have a pair of small horns on your head. [Xom's grace]
  2690 | D:3      | Killed Natasha
  2690 | D:3      | Gained mutation: You have sharp fingernails. [demonic ancestry]
  2690 | D:3      | Reached XP level 5. HP: 34/42 MP: 5/5
  3201 | D:4      | XOM: swap monsters
  3202 | D:4      | XOM: fog
  3254 | D:4      | XOM: harmless Summ miscast
  3290 | D:4      | XOM: 2-stop teleportation journey
  3458 | D:4      | XOM: smoke on damage
  3463 | D:4      | XOM: 6-stop teleportation journey
  3637 | D:5      | XOM: noise
  3637 | D:5      | Entered Level 5 of the Dungeon
  3641 | D:5      | XOM: harmless Pois miscast
  3649 | D:5      | XOM: swap monsters
  3656 | D:5      | Reached XP level 6. HP: 24/48 MP: 6/6
  3934 | D:5      | Reached skill level 5 in Long Blades
  3956 | D:5      | Gained mutation: A weak demonic guardian rushes to your aid. [demonic ancestry]
  3956 | D:5      | Reached XP level 7. HP: 53/55 MP: 7/7
  4090 | D:5      | Found a bloodstained altar of Trog.
  4090 | D:5      | XOM: 4-stop teleportation journey
  4155 | D:5      | Found a shadowy altar of Dithmenos.
  4198 | D:5      | XOM: summons 3 hostile demons
  4250 | D:5      | Found a staircase to the Ecumenical Temple.
  4329 | D:5      | XOM: harmless Summ miscast
  4352 | D:5      | XOM: chaos cloud
  4392 | D:6      | Reached skill level 5 in Fighting
  4507 | D:6      | XOM: summons 4 hostile shadow creatures
  4595 | D:6      | XOM: stat loss: -1 Int (12/13)
  4736 | D:6      | Gained mutation: You have very sharp fingernails. [demonic ancestry]
  4736 | D:6      | Reached XP level 8. HP: 62/62 MP: 8/8
  4758 | D:6      | XOM: noise
  4795 | D:6      | XOM: harmless Summ miscast
  5097 | D:6      | XOM: silly message
  5524 | D:6      | Reached skill level 1 in Short Blades
  5863 | D:6      | XOM: medium Tmut miscast
  5929 | D:7      | Reached skill level 5 in Armour
  6038 | D:7      | Noticed Menkaure
  6046 | D:7      | Killed Menkaure
  6046 | D:7      | Gained mutation: You have claws for hands. [demonic ancestry]
  6046 | D:7      | Reached XP level 9. HP: 59/69 MP: 9/9
  6335 | D:7      | Reached skill level 5 in Dodging
  6335 | D:7      | Reached skill level 1 in Unarmed Combat
  6427 | D:7      | XOM: divination: detect items
  6481 | D:7      | Found Awnutyesch's Book Boutique.
  6711 | D:8      | Reached skill level 2 in Unarmed Combat
  6934 | D:8      | Reached skill level 3 in Unarmed Combat
  7026 | D:8      | Noticed Maurice
  7049 | D:8      | XOM: cleaving
  7054 | D:8      | Killed Maurice
  7054 | D:8      | Reached skill level 4 in Unarmed Combat
  7180 | D:8      | XOM: medium Summ miscast
  7181 | D:8      | Noticed an orange demon
  7266 | D:8      | Noticed a gargoyle
  7267 | D:8      | XOM: summons friendly white imp
  7309 | D:7      | XOM: butterfly on damage
  7414 | D:7      | XOM: god gift: scroll of fog
  7588 | D:8      | Reached XP level 10. HP: 72/79 MP: 11/11
  7604 | D:8      | XOM: enchant monster (good)
  7608 | D:8      | XOM: summons 5 friendly demons
  7616 | D:8      | XOM: scenery: 1 doors close
  7617 | D:8      | XOM: summons friendly white imp
  7630 | D:8      | XOM: enchant monster (good)
  7644 | D:8      | Noticed Grum
  7647 | D:8      | XOM: summons friendly iron imp
  7648 | D:8      | XOM: confuse monster(s)
  7653 | D:8      | Noticed Pikel
  7871 | D:8      | XOM: summons 2 friendly demons
  7877 | D:8      | Killed Pikel
  7877 | D:8      | Reached skill level 5 in Unarmed Combat
  7883 | D:8      | XOM: confuse monster(s)
  7897 | D:8      | Killed Grum
  7916 | D:8      | XOM: divination: detect creatures
  7920 | D:8      | XOM: 9-stop teleportation journey
  7920 | D:8      | Noticed a centaur warrior
  7921 | D:8      | XOM: smoke on damage
  7974 | D:9      | XOM: give mutations
  7974 | D:9      | Gained mutation: Your muscles are strong. (Str +2) [Xom's grace]
  7974 | D:9      | Gained mutation: You have sharp toenails. [Xom's grace]
  7974 | D:9      | Gained mutation: You are somewhat resistant to further mutation. [Xom's grace]
  7974 | D:9      | Gained mutation: You are resistant to hostile enchantments. (MR+) [Xom's grace]
  8331 | D:9      | XOM: give mutations
  8331 | D:9      | Lost mutation: You are somewhat resistant to further mutation. [Xom's grace]
  8331 | D:9      | Gained mutation: You evolve. [Xom's grace]
  8331 | D:9      | Gained mutation: You are agile. (Dex +2) [Xom's grace]
  8467 | D:9      | Found an opulent altar of Gozag.
  8614 | D:9      | Found a staircase to the Lair.
  8620 | D:9      | XOM: potion effect (might)
  8626 | D:9      | XOM: enchant monster (good)
  8677 | D:9      | Reached skill level 6 in Unarmed Combat
  8694 | D:9      | XOM: enchant monster (good)
  8741 | D:9      | epen: ??monstress
  8741 | D:9      | beem: I don't have a page labeled monstress in my learndb. Did you mean: monsters, monstrous, monster.
  8741 | D:9      | epen: ??monstres
  8741 | D:9      | beem: I don't have a page labeled monstres in my learndb. Did you mean: monsters, monster.
  8741 | D:9      | epen: ??monstrous
  8741 | D:9      | beem: monstrous[1/3]: Pseudo-predefined mutation set guaranteeing 3 {body slot facet}s instead of 1, but no scales-type facet. 1 / 10 chance; gives "You feel monstrous as your demonic heritage exerts itself." message when you gain your first {body slot facet}.
  9138 | D:10     | Entered Level 10 of the Dungeon
  9167 | D:10     | XOM: potion effect (invisibility)
  9207 | D:10     | Noticed a two-headed ogre
  9213 | D:10     | XOM: summons 2 friendly demons
  9215 | D:10     | Killed a two-headed ogre
  9323 | D:10     | Got a shimmering hand axe
  9324 | D:10     | Identified the +4 hand axe of Irritation {elec, rPois rF+ Dex+2 Stlth-} (You found it on level 10 of the Dungeon)
  9333 | D:10     | XOM: mild Conj miscast
  9337 | D:10     | XOM: 1-stop teleportation journey
  9339 | D:10     | XOM: enchant monster (bad)
  9340 | D:10     | Reached skill level 7 in Unarmed Combat
  9340 | D:10     | Reached XP level 11. HP: 47/86 MP: 12/12
  9668 | D:10     | XOM: divination: detect creatures
  9707 | D:10     | XOM: smoke on damage
  9788 | D:10     | Gained mutation: You are resistant to electric shocks. (rElec) [evolution]
  9788 | D:10     | Lost mutation: You evolve. [end of evolution]
  9861 | D:11     | XOM: mild Fire miscast
  9872 | D:11     | XOM: divination: detect items
 10025 | D:10     | XOM: harmless Summ miscast
 10118 | D:10     | XOM: confuse monster(s)
 10154 | D:11     | XOM: summons friendly white imp
 10178 | D:11     | Killed an unseen horror
 10256 | D:11     | XOM: mild Hex miscast
 10269 | D:11     | Noticed a two-headed ogre
 10272 | D:11     | XOM: butterfly on damage
 10282 | D:11     | Killed a two-headed ogre
 10283 | D:11     | XOM: 4-stop teleportation journey
 10289 | D:11     | Reached skill level 8 in Unarmed Combat
 10460 | D:11     | XOM: silly message
 10507 | D:11     | XOM: swap monsters
 10531 | D:11     | Killed an unseen horror
 10603 | D:11     | XOM: cloud trail
 11125 | D:11     | Found a staircase to the Orcish Mines.
 11129 | D:11     | Found a roughly hewn altar of Beogh.
 11337 | Lair:1   | Entered Level 1 of the Lair of Beasts
 11498 | Lair:1   | XOM: cleaving
 11695 | Lair:1   | Reached skill level 9 in Unarmed Combat
 11978 | Lair:1   | XOM: mild Air miscast
 12180 | Lair:2   | XOM: torment (37/88 hp)
 12411 | Lair:2   | XOM: summons 1 hostile shadow creature
 12414 | Lair:2   | Gained mutation: You are mostly covered in sharp spines. [demonic ancestry]
 12414 | Lair:2   | Reached XP level 12. HP: 43/95 MP: 13/13
 12417 | Lair:2   | XOM: scenery: create altars
 12433 | Lair:2   | XOM: god gift: scroll of fog
 12676 | Lair:2   | XOM: summons 4 hostile shadow creatures
 12692 | Lair:2   | XOM: scenery: create altars
 12912 | Lair:2   | XOM: give mutation
 12912 | Lair:2   | Lost mutation: You have a pair of small horns on your head. [Xom's mischief]
 12920 | Lair:2   | XOM: harmless Chrm miscast
 12924 | Lair:2   | XOM: give mutations
 12924 | Lair:2   | Gained mutation: You are very agile. (Dex +4) [Xom's grace]
 12924 | Lair:2   | Gained mutation: Your flesh is cold resistant. (rC+) [Xom's grace]
 12924 | Lair:2   | Gained mutation: Your mind is acute. (Int +2) [Xom's grace]
 13120 | Lair:2   | Noticed Erica
 13126 | Lair:2   | XOM: fake destruction
 13132 | Lair:2   | Killed Erica
 13151 | Lair:2   | XOM: scenery: create altars
 13158 | Lair:2   | XOM: noise
 13200 | Lair:2   | XOM: 1-stop teleportation journey
 13330 | Lair:2   | XOM: give mutations
 13330 | Lair:2   | Gained mutation: Your flesh is heat resistant. (rF+) [Xom's grace]
 13330 | Lair:2   | Gained mutation: You are somewhat resistant to further mutation. [Xom's grace]
 13330 | Lair:2   | Gained mutation: You have a pair of small horns on your head. [Xom's grace]
 13330 | Lair:2   | Gained mutation: You expend magic power (3 MP) to strengthen your wands. [Xom's grace]
 13645 | Lair:3   | Noticed Harold
 13964 | Lair:3   | XOM: scenery: create altars
 14081 | Lair:3   | Reached skill level 10 in Unarmed Combat
 14249 | Lair:3   | Reached skill level 10 in Fighting
 14257 | Lair:3   | XOM: confuse monster(s)
 14326 | Lair:3   | Killed Harold
 14339 | Lair:3   | Found a staircase to the Swamp.
 14378 | Lair:3   | Noticed a seven-headed hydra
 14381 | Lair:3   | XOM: scenery: create altars
 14383 | Lair:3   | XOM: fog
 14388 | Lair:3   | XOM: summons 2 friendly demons
 14396 | Lair:3   | XOM: scenery: create altars
 14449 | Lair:3   | XOM: enchant monster (good)
 14476 | Lair:3   | XOM: polymorph quasit -> crimson imp
 14504 | Lair:3   | XOM: polymorph iron imp -> quasit
 14509 | Lair:3   | XOM: summons friendly crimson imp
 14714 | Lair:2   | XOM: give mutation
 14714 | Lair:2   | Gained mutation: You have a pair of horns on your head. [Xom's grace]
 14747 | Lair:4   | XOM: harmless Necr miscast
 15126 | Lair:4   | Found a hole to the Spider Nest.
 15399 | Lair:4   | Noticed a four-headed hydra
 15404 | Lair:4   | Killed a six-headed hydra
 15405 | Lair:4   | XOM: enchant monster (good)
 15491 | Lair:4   | XOM: god gift: 15 arrows
 15549 | Lair:4   | XOM: cloud trail
 15823 | Lair:5   | XOM: give mutations
 15823 | Lair:5   | Lost mutation: You have sharp toenails. [Xom's mischief]
 15823 | Lair:5   | Lost mutation: Your muscles are strong. (Str +2) [Xom's mischief]
 15823 | Lair:5   | Lost mutation: Your mind is acute. (Int +2) [Xom's mischief]
 15842 | Lair:5   | XOM: severe Conj miscast
 15939 | Lair:5   | XOM: noise
 16026 | Lair:5   | XOM: 1-stop teleportation journey
 16031 | Lair:5   | Found a white marble altar of Elyvilon.
 16033 | Lair:5   | XOM: 3-stop teleportation journey
 16460 | Lair:5   | Reached XP level 13. HP: 89/103 MP: 14/14
 16466 | Lair:5   | XOM: swap monsters
 16544 | Lair:5   | Reached skill level 11 in Unarmed Combat
 16937 | Lair:5   | XOM: summons 1 hostile demon
 17017 | Lair:6   | Entered Level 6 of the Lair of Beasts
 17236 | Lair:5   | XOM: harmless Tloc miscast
 17338 | Lair:6   | Found a staircase to the Slime Pits.
 17349 | Lair:6   | XOM: noise
 18320 | Lair:6   | Got a scorched whip
 18337 | Lair:6   | XOM: confuse monster(s)
 18476 | Lair:6   | XOM: polymorph shadow imp -> crimson imp
 18491 | Lair:6   | Reached skill level 10 in Armour
 18497 | Lair:6   | XOM: fog
 18600 | Lair:6   | XOM: summons friendly ice devil
 19047 | Lair:6   | Identified the +4 whip of Uduput {drain, Str+2} (You found it on level 6 of the Lair of Beasts)
 19712 | D:10     | XOM: give mutations
 19712 | D:10     | Gained mutation: You have large cloven feet. [Xom's grace]
 19712 | D:10     | Gained mutation: Your mind is acute. (Int +2) [Xom's grace]
 19712 | D:10     | Gained mutation: You are highly resistant to hostile enchantments. (MR++) [Xom's grace]
 19717 | D:9      | XOM: god gift: scroll of amnesia
 19856 | D:8      | XOM: god gift: book of Flames
 19871 | D:8      | Noticed Joseph
 19881 | D:8      | Killed Joseph
 19881 | D:8      | Reached skill level 10 in Dodging
 19907 | D:8      | XOM: give mutation
 19907 | D:8      | Gained mutation: You passively map a small area around you. [Xom's grace]
 19944 | D:8      | XOM: scenery: create altars
 19960 | D:8      | XOM: cast spell 'Summon Horrible Things'
 19978 | D:8      | XOM: polymorph large abomination -> shadow wraith
 20015 | D:8      | XOM: potion effect (agility)
 20017 | D:8      | Reached skill level 12 in Unarmed Combat
 20038 | D:8      | XOM: harmless Ice miscast
 20338 | D:11     | XOM: mild Fire miscast
 20433 | D:12     | XOM: summons 6 hostile demons
 20530 | D:12     | XOM: harmless Chrm miscast
 20662 | D:12     | XOM is BORED!
 20662 | D:12     | XOM: 1-stop teleportation journey
 20792 | D:12     | XOM: mild Tloc miscast
 20819 | D:12     | XOM: summons 3 hostile demons
 21128 | D:12     | Found Saickis's Antique Armour Shop.
 21136 | D:12     | Bought a dazzling chain mail for 332 gold pieces
 21146 | D:12     | Identified the +3 chain mail of Iffoem {*Corrode +Fly Int-4 Dex+8} (You bought it in a shop on level 12 of the Dungeon)
 21308 | D:12     | XOM: confuse monster(s)
 21467 | D:13     | XOM: confuse monster(s)
 21493 | D:13     | XOM: confuse monster(s)
 21520 | D:13     | XOM: 1-stop teleportation journey
 21524 | D:13     | XOM: cast spell 'Dispersal'
 21574 | D:13     | Gained mutation: You are mostly covered in large bone plates. (SH +6) [demonic ancestry]
 21574 | D:13     | Reached XP level 14. HP: 65/112 MP: 15/15
 21588 | D:13     | Noticed Rupert
 21598 | D:14     | XOM: polymorph orc warrior -> ooze
 21639 | D:14     | XOM: harmless Pois miscast
 21641 | D:14     | XOM: mild Erth miscast
 21643 | D:14     | XOM: polymorph wyvern -> sky beast
 21871 | D:14     | Found an ancient bone altar of Kikubaaqudgha.
 21906 | D:14     | XOM: god gift: 52 gold pieces
 21920 | D:14     | XOM: cast spell 'Necromutation'
 21923 | D:14     | Noticed Urug
 21925 | D:14     | XOM: polymorph white imp -> iron imp
 21933 | D:14     | XOM: summons friendly white imp
 21941 | D:14     | XOM: polymorph iron imp -> quasit
 21946 | D:14     | Killed Urug
 21961 | D:14     | XOM: enchant monster (good)
 22027 | D:14     | XOM: give mutation
 22027 | D:14     | Gained mutation: You have a considerably increased reservoir of magic. (+20% MP) [Xom's grace]
 22079 | D:14     | XOM: scenery: create altars
 22094 | D:14     | XOM: cast spell 'Olgreb's Toxic Radiance'
 22095 | D:14     | XOM: divination: magic mapping
 22291 | D:14     | XOM: enchant monster (good)
 22293 | D:14     | XOM: confuse monster(s)
 22300 | D:14     | Reached skill level 13 in Unarmed Combat
 22305 | D:14     | XOM: noise
 22378 | D:14     | XOM: mild Chrm miscast
 22467 | D:14     | XOM: 2-stop teleportation journey
 22541 | D:14     | XOM: blink monster(s)
 22671 | D:14     | Found a gate to the Vaults.
 22992 | D:13     | Noticed Azrael
 22995 | D:13     | Killed from afar by Azrael

Vault maps used:
D:1:      mainiacjoe_arrival_reflecting_pool
D:3:      chequers_ecumenical_altar_simple_redux, uniq_natasha
D:5:      minmay_temple_entry_butterflies, first_ration, basic_altar,
          bloody_trog
D:7:      serial_shops, kennysheep_mini_moat, uniq_menkaure
D:8:      special_room, grunt_livestock, serial_bayou_pond_c, kb_rosetta,
          uniq_joseph, uniq_maurice, uniq_pikel, uniq_grum
D:9:      lemuel_doored_altar, due_lair_maze_entry_diamond,
          minmay_variable_closet
D:11:     minmay_orc_entry_temple_small
D:12:     serial_shops, nicolae_shop_statue_plus, kennysheep_nub
D:13:     minmay_misc_feat_chi, uniq_rupert, uniq_azrael
D:14:     hangedman_vaults_entry_quadrant_bands,
          lemuel_mausoleum_altar_kikubaaqudgha, uniq_urug
Lair:1:   grunt_forest_large_clearing_hut
Lair:2:   uniq_erica
Lair:3:   swamp_mist, uniq_harold
Lair:4:   nicolae_spider_entry_non_spiders, pond
Lair:5:   cheibrodos_lair_caveside_slide, lemuel_centaur_altar,
          grunt_megastairs_5
Lair:6:   gammafunk_lair_ancient_temple, minmay_slime_entry_pillars, st_stairs_8

Skill      XL: |  1  2  3  4  5  6  7  8  9 10 11 12 13 14 |
---------------+-------------------------------------------+-----
Dodging        | 1 2 3 4 5 7 8 9 10 | 10.8
Long Blades    | 3 4 5 6 |  6.7
Armour         | 2 3 4 5 6 7 8 9 10 | 10.9
Fighting       | 4 5 6 7 8 9 10 11 12 | 12.0
Short Blades   | 2 |  2.9
Unarmed Combat | 4 7 9 10 12 13 | 13.1

Action                   |  1- 3 |  4- 6 |  7- 9 | 10-12 | 13-15 || total
-------------------------+-------+-------+-------+-------+-------++-------
Melee: Falchion          |   124 |       |       |       |       ||   124
       Dagger            |       |   120 |   342 |   141 |       ||   603
       Headbutt          |       |    17 |    49 |   109 |   128 ||   303
       Punch             |       |       |     1 |    23 |    28 ||    52
       Kick              |       |       |       |   168 |   145 ||   313
       Unarmed           |       |       |       |   374 |   502 ||   876
  Use: Scroll            |       |       |    15 |     6 |    11 ||    32
       Potion            |       |       |     1 |     2 |     1 ||     4
 Stab: Confused          |     1 |       |       |       |     6 ||     7
       Distracted        |       |       |     3 |     3 |     4 ||    10
       Sleeping          |       |       |     1 |     2 |       ||     3
       Invisible         |       |       |       |     3 |       ||     3
       Paralysed         |       |       |       |     1 |       ||     1
  Eat: Ration            |     1 |       |       |     3 |     3 ||     7
       Chunk             |       |     6 |    12 |    18 |    10 ||    46
Armor: Leather armour    |    43 |    24 |    62 |    13 |       ||   142
       Ring mail         |       |       |       |    81 |    33 ||   114
       Troll leather arm |       |       |       |       |    46 ||    46
Dodge: Dodged            |    92 |    44 |   168 |   322 |   368 ||   994
Block: Other             |    19 |    21 |    52 |    63 |   111 ||   266
       Rpst.: Falchion   |    23 |       |       |       |       ||    23

Table legend:
 A = Spawn XP
 B = Non-spawn XP
 C = Spawn XP percentage of total XP
 D = Spawn monster count
 E = Non-spawn monster count
 F = Spawn count percentage of total count
 G = Total turns spent on level
                    A         B        C        D         E        F      G
               +---------+---------+-------+---------+---------+-------+---------
         Total |       0 |   84191 |   0.0 |       0 |     636 |   0.0 | 22995
               +---------+---------+-------+---------+---------+-------+---------
           D:1 |       0 |      50 |   0.0 |       0 |      20 |   0.0 |  1499
           D:2 |       0 |      64 |   0.0 |       0 |      16 |   0.0 |   717
           D:3 |       0 |      96 |   0.0 |       0 |      10 |   0.0 |   651
           D:4 |       0 |     143 |   0.0 |       0 |      12 |   0.0 |   770
           D:5 |       0 |     945 |   0.0 |       0 |      36 |   0.0 |   749
           D:6 |       0 |    1241 |   0.0 |       0 |      43 |   0.0 |  1499
           D:7 |       0 |    1257 |   0.0 |       0 |      31 |   0.0 |  1346
           D:8 |       0 |    4805 |   0.0 |       0 |      61 |   0.0 |  1228
           D:9 |       0 |    1721 |   0.0 |       0 |      27 |   0.0 |  1601
          D:10 |       0 |    3371 |   0.0 |       0 |      29 |   0.0 |   804
          D:11 |       0 |    6226 |   0.0 |       0 |      52 |   0.0 |  1156
          D:12 |       0 |    5315 |   0.0 |       0 |      41 |   0.0 |  1109
          D:13 |       0 |    5395 |   0.0 |       0 |      23 |   0.0 |   422
          D:14 |       0 |   17662 |   0.0 |       0 |      86 |   0.0 |  1108
        Lair:1 |       0 |    2140 |   0.0 |       0 |      12 |   0.0 |   876
        Lair:2 |       0 |    5356 |   0.0 |       0 |      21 |   0.0 |  1824
        Lair:3 |       0 |    5513 |   0.0 |       0 |      23 |   0.0 |   766
        Lair:4 |       0 |    3755 |   0.0 |       0 |      22 |   0.0 |   908
        Lair:5 |       0 |    5281 |   0.0 |       0 |      26 |   0.0 |  1816
        Lair:6 |       0 |   13855 |   0.0 |       0 |      45 |   0.0 |  2146
               +---------+---------+-------+---------+---------+-------+---------
